 Dungeon Crawl Stone Soup version 0.27-a0-732-ga892ba84f6 (webtiles) character file.

Game seed: 1863934369705232340

131 jestyr24 the Conjurer (level 4, 0/31 HPs)
             Began as a Demonspawn Conjurer on Mar 23, 2021.
             Shot with a sling bullet by a goblin (5 damage)
             ... on level 3 of the Dungeon.
             The game lasted 00:19:28 (2469 turns).

jestyr24 the Conjurer (Demonspawn Conjurer)         Turns: 2469, Time: 00:19:29

Health: 0/31       AC:  4    Str:  7    XL:     4   Next: 91%
Magic:  3/8        EV: 12    Int: 21    God:
Gold:   74         SH:  0    Dex: 11    Spells: 8/9 levels left

rFire    . . .     SeeInvis .   c - +0 hand axe
rCold    . . .     Faith    .   (no shield)
rNeg     . . .     Spirit   .   a - +0 robe
rPois    .         Reflect  .   (no helmet)
rElec    .         Harm     .   (no cloak)
rCorr    .         Rampage  .   (no gloves)
Will     .....                  (no boots)
Stlth    ++........             k - amulet of regeneration
HPRegen  1.10/turn              (no ring)
MPRegen  0.11/turn              (no ring)

@: very slightly contaminated
A: hooves 1, slimy green scales 1
a: no special abilities


You were on level 3 of the Dungeon.
You visited 1 branch of the dungeon, and saw 3 of its levels.

You collected 74 gold pieces.

Inventory:

Hand Weapons
 c - a +0 hand axe (weapon)
 f - a +0 short sword
 p - a +0 falchion
Missiles
 e - 111 stones
 l - 15 poisoned darts
Armour
 a - a +0 robe (worn)
Magical Staves
 n - a staff of fire
Jewellery
 k - an amulet of regeneration (around neck)
 q - a ring of fire
Scrolls
 d - 3 scrolls of identify {unknown}
 j - a scroll of magic mapping {unknown}
 m - a scroll of amnesia {unknown}
 o - a scroll of teleportation {unknown}
 r - a scroll of noise {unknown}
Potions
 b - a potion of mutation {unknown}
 g - a potion of ambrosia {unknown}
 h - a potion of brilliance {unknown}
 i - a potion of haste {unknown}


   Skills:
 + Level 0.7 Fighting
 - Level 0.5 Axes
 + Level 2.2 Dodging
 + Level 2.2 Stealth
 + Level 3.0 Spellcasting
 + Level 5.0 Conjurations


You had 8 spell levels left.
You knew the following spells:

 Your Spells              Type           Power      Damage    Failure   Level
a - Magic Dart            Conj           96%        1d7       1%          1

Your spell library contained the following spells:

 Spells                   Type           Power      Damage    Failure   Level
 Searing Ray              Conj           48%        3d5       2%          2
 Dazzling Flash           Conj/Hex       26%        N/A       14%         3
 Fulminant Prism          Conj/Hex       6%         3d7       43%         4
 Iskenderun's Mystic Bla  Conj/Tloc      13%        2d5       43%         4


Dungeon Overview and Level Annotations

Branches:
Dungeon (3/15)

Altars:
Cheibriados


Innate Abilities, Weirdness & Mutations

You have large cloven feet.
You are partially covered in slimy green scales. (AC +2)


Message History

Aiming: Magic Dart (safe; 1% risk of failure)
Press: ? - help, Shift-Dir - straight line, f/p - orc
Aim: an orc, wielding a +0 trident and wearing a +0 ring mail (lightly wounded, 0% to evade)
The magic dart hits the orc.
The orc is moderately wounded.
The orc barely misses you.
Casting: Magic Dart (safe; 1% risk of failure)
Confirm with . or Enter, or press ? or * to list all spells.
Aiming: Magic Dart (safe; 1% risk of failure)
Press: ? - help, Shift-Dir - straight line, f/p - orc
Aim: an orc, wielding a +0 trident and wearing a +0 ring mail (moderately wounded, 0% to evade)
The magic dart hits the orc.
The orc is almost dead.
An orc wizard comes into view. It is wielding a +0 dagger.
A goblin comes into view. It is wielding a +0 dagger.
The orc hits you from afar with a +0 trident.
Casting: Magic Dart (safe; 1% risk of failure)
Confirm with . or Enter, or press ? or * to list all spells.
Aiming: Magic Dart (safe; 1% risk of failure)
Press: ? - help, Shift-Dir - straight line, f/p - orc
Aim: an orc, wielding a +0 trident and wearing a +0 ring mail (severely wounded, 0% to evade)
You miscast Magic Dart.
You are very lightly contaminated with residual magic.
Nothing appears to happen.
The goblin shouts!
You hear a shout!
The orc wizard points at itself and mumbles some strange words.
The orc wizard flickers and vanishes!
The goblin unwields a +0 dagger.
The goblin wields a +0 hunting sling.
The goblin shoots a sling bullet.
The sling bullet hits you.
The orc hits you from afar with a +0 trident!
* * * LOW HITPOINT WARNING * * *
Casting: Magic Dart (safe; 1% risk of failure)
Confirm with . or Enter, or press ? or * to list all spells.
Aiming: Magic Dart (safe; 1% risk of failure)
Press: ? - help, Shift-Dir - straight line, f/p - orc
Aim: an orc, wielding a +0 trident and wearing a +0 ring mail (severely wounded, 0% to evade)
The magic dart hits the orc.
You kill the orc!
The goblin shoots a sling bullet.
The sling bullet hits you.
You die...

#.###### #.# #.## #####)#
#... ##...#.# #..# #
##......# #..#.# #.w≈≈.#.#
#..#.##### #≈≈≈≈≈#.##.#
#..#......
#≈≈.≈≈#.##.######......###
#≈≈≈≈≈#..g{...@)..†......#
#.≈≈≈...{#.#######.#.###.
#.#_####.#.# #.#.# #.###
#.#.# #.#.###.#.# #.#
#.#.# #..#....... #.#
#.#.# ###.# #.######.#.#
#.# #.........)#########.#
###........##..o.......#


You could see a goblin.

Vanquished Creatures
  5 adders
  3 worms (D:2)
  2 dart slugs
  5 orcs
  4 giant cockroaches
  5 hobgoblins
  5 kobolds
  6 oozes
  8 quokkas
  6 ball pythons
  4 bats
  2 frilled lizards (D:2)
  5 goblins
  7 rats
67 creatures vanquished.

Vanquished Creatures (others)
  A withered plant (D:3)
1 creature vanquished.

Grand Total: 68 creatures vanquished

Notes
Turn   | Place    | Note
-------+----------+-------------------------------------------
     0 | D:1      | jestyr24 the Demonspawn Conjurer began the quest for the
                  | Orb.
     0 | D:1      | Reached XP level 1. HP: 13/13 MP: 3/3
   492 | D:1      | Gained mutation: You are partially covered in slimy green
                  | scales. (AC +2) [demonic ancestry]
   492 | D:1      | Reached XP level 2. HP: 19/19 MP: 0/5
  1188 | D:2      | Gained mutation: You have large cloven feet. [demonic
                  | ancestry]
  1188 | D:2      | Reached XP level 3. HP: 19/24 MP: 2/6
  1777 | D:2      | Reached XP level 4. HP: 31/31 MP: 4/7
  1974 | D:2      | Upgraded the game from 0.27-a0-705-ga0013940fb to
                  | 0.27-a0-732-ga892ba84f6
  2299 | D:3      | Reached skill level 5 in Conjurations
  2301 | D:3      | Found a snail-covered altar of Cheibriados.
  2469 | D:3      | Shot with a sling bullet by a goblin

Illustrated notes

Levels and vault maps discovered:
D:1:      dpeg_arrival_simpleton_c, layout_basic
D:2:      layout_rooms, minmay_surrounded
D:3:      layout_loops_ring, kennysheep_slug_shrine, gup_sewer_entry_bowl,
          yredelemnul_altar_generic

Skill      XL: |  1  2  3  4 |
---------------+-------------+-----
Dodging        | 2 |  2.2
Stealth        | 2 |  2.2
Conjurations   | 5 |  5.0
Spellcasting   | 3 |  3.0
Fighting       | |  0.7
Axes           | |  0.5

Action                   |  1- 3 |  4- 6 || total
-------------------------+-------+-------++-------
Melee: Hand axe          |    41 |    34 ||    75
       Kick              |       |     4 ||     4
 Cast: Magic Dart        |    70 |    56 ||   126
 Stab: Sleeping          |     1 |     1 ||     2
Armor: Robe              |    16 |    12 ||    28
Dodge: Dodged            |    44 |    36 ||    80

Table legend: (Time is in decaauts)
 A = Elapsed time spent in this place.
 B = Non-inter-level travel time spent in this place.
 C = Inter-level travel time spent in this place.
 D = Time resting spent in this place.
 E = Time spent auto-exploring this place.
 F = Levels seen in this place.
 G = Mean time per level.
                   A        B        C        D        E       F      G
               +--------+--------+--------+--------+--------+-----+--------+
         Total |   2493 |   2451 |     42 |    694 |    935 |   3 |  831.0 |
       Dungeon |   2493 |   2451 |     42 |    694 |    935 |   3 |  831.0 |
               +--------+--------+--------+--------+--------+-----+--------+

Top non-repeatable levels by time:
     D:1: 1097 daAuts
     D:2: 884 daAuts
     D:3: 511 daAuts
